 Dungeon Crawl Stone Soup version 0.31-a0-1074-g0b22e4e0f1 (webtiles) character file.

Game seed: 7020715459479878421

842 wildpjah the Sneak (level 7, -1/38 HPs)
             Began as a Deep Elf Enchanter on Nov 27, 2023.
             Was an Initiate of Wu Jian.
             Slain by an ice beast (8 damage)
             ... on level 5 of the Dungeon.
             The game lasted 00:13:06 (2652 turns).

wildpjah the Sneak (Deep Elf Enchanter)             Turns: 2652, Time: 00:13:07

Health: -1/38      AC:  2    Str: 11    XL:     7   Next: 67%
Magic:  25/25      EV: 13    Int: 20    God:    Wu Jian [......]
Gold:   253        SH:  0    Dex: 17    Spells: 13/15 levels left

rFire   . . .        u - +1 falchion (heavy)
rCold   . . .        (no shield)
rNeg    . . .        b - +0 robe
rPois   .            (no helmet)
rElec   .            (no cloak)
rCorr   .            (no gloves)
SInv    .            (no boots)
Will    .....        (no amulet)
Stlth   ++++         e - ring of magical power
HPRegen 0.26/turn    w - +6 ring of strength
MPRegen 0.19/turn

%: no passive effects
@: no status effects
A: no striking features
a: Renounce Religion


You were on level 5 of the Dungeon.
You worshipped Wu Jian.
Wu Jian was noncommittal.
You visited 2 branches of the dungeon, and saw 6 of its levels.

You collected 253 gold pieces.

Inventory:

Hand Weapons
 a - a +1 dagger
 o - a +1 dagger of electrocution
 u - a +1 heavy falchion (weapon)
 x - a +4 scythe of venom
Armour
 b - a +0 robe (worn)
Jewellery
 e - a ring of magical power (left hand)
 w - a +6 ring of strength (right hand)
Scrolls
 d - a scroll of identify {unknown}
 f - 2 scrolls of poison {unknown}
 g - a scroll of acquirement {unknown}
 i - 2 scrolls of silence {unknown}
 j - a scroll of teleportation {unknown}
 k - a scroll of fog {unknown}
 l - a scroll of amnesia {unknown}
 n - a scroll of enchant armour {unknown}
 p - a scroll of revelation {unknown}
 s - a scroll of blinking {unknown}
Potions
 h - 2 potions of berserk rage {unknown}
 m - 2 potions of degeneration {unknown}
 q - a potion of resistance {unknown}
 r - a potion of haste {unknown}
 t - 2 potions of cancellation {unknown}
 v - a potion of lignification {unknown}


   Skills:
 + Level 1.0 Fighting
 + Level 2.1 Short Blades
 + Level 3.1 Dodging
 + Level 7.3 Stealth
 + Level 4.7 Spellcasting
 + Level 5.9 Hexes
 * Level 3.8 Translocations
 + Level 2.7 Ice Magic


You had 13 spell levels left.
You knew the following spells:

 Your Spells              Type           Power      Damage    Failure   Level
a - Ensorcelled Hibernat  Hex/Ice        42%        N/A       3%          2

Your spell library contained the following spells:

 Spells                   Type           Power      Damage    Failure   Level
 Blink                    Tloc           40%        N/A       3%          2
 Confusing Touch          Hex            28%        N/A       3%          3
 Tukima's Dance           Hex            28%        N/A       3%          3
 Dazzling Flash           Conj/Hex       32%        N/A       11%         3
 Manifold Assault         Tloc           20%        N/A       24%         4


Dungeon Overview and Level Annotations

Branches:
Dungeon (6/15)             Temple (1/1) D:5

Altars:
Ashenzari
Cheibriados
Gozag
Makhleb
Sif Muna
Trog
Uskayaw
Vehumet
Wu Jian
Xom
Yredelemnul
Zin


Message History

Found a radiant altar of Vehumet.
There is a radiant altar of Vehumet here.
An ogre comes into view. It is wielding a +0 giant club.
Found a stone staircase leading down.
You lunge at the ogre.
The helpless ogre fails to defend itself.
You spit the ogre like a pig!!!
You kill the ogre!
The Council accepts your kill.
Magic restored.
You now have 253 gold pieces (gained 15).
A gnoll and an ice beast come into view.
Aiming: Ensorcelled Hibernation (safe; 3% risk of failure)
Press: ? - help, Q - select action Shift-Dir - straight line, f - you That would be overly suicidal.
Okay, then.
Unknown command.
Unknown command.
No other quiver actions available for cycling.
No other quiver actions available for cycling.
Unknown command.
Your +1 dagger of electrocution stops crackling.
u - a +1 heavy falchion (weapon)
You barely miss the ice beast.
The gnoll shouts!
You hear a shout!
The ice beast hits you. The ice beast freezes you!
A gnoll bouda comes into view. It is wielding a +0 whip.
The ice beast closely misses you.
You closely miss the ice beast. The ice beast hits you.
The ice beast freezes you!
The ice beast hits you but does no damage.
You hit the ice beast but do no damage. The ice beast hits you.
The ice beast freezes you!
* * * LOW HITPOINT WARNING * * *
You slash the ice beast!
The ice beast is heavily wounded.
The ice beast hits you.
* * * LOW HITPOINT WARNING * * *
The ice beast freezes you!
You die...

##########. #..).......
#.#.....# #.#.###.#
#.#.###.# #####
######.......###...#+###
......##.#......@Y......
#####.##.#.#......#.#...
###.##.........g#
#...####>.........#
###.#.# ..........#...
#...###.#....######.g.#
#............# #..
#.#####.#..... ..
........#


You could see an ice beast, a gnoll bouda and a gnoll.

Vanquished Creatures
  Sigmund (D:6)
  A sky beast (D:6)
  A water moccasin (D:6)
  3 black bears (D:6)
  An ogre (D:5)
  2 hounds
  Terence (D:2)
  An adder (D:6)
  2 worms (D:2)
  An orc (D:6)
  2 endoplasms (D:1)
  A giant cockroach (D:2)
  4 goblins
  5 hobgoblins
  A quokka (D:2)
  2 bats
  7 kobolds
  5 rats
41 creatures vanquished.

Notes
Turn   | Place    | Note
-------+----------+-------------------------------------------
     0 | D:1      | wildpjah the Deep Elf Enchanter began the quest for the
                  | Orb.
     0 | D:1      | Reached XP level 1. HP: 10/10 MP: 6/6
   704 | D:2      | Noticed Terence
   706 | D:2      | Reached XP level 2. HP: 15/15 MP: 8/8
   714 | D:1      | Learned a level 2 spell: Ensorcelled Hibernation
   718 | D:2      | Found a faded altar of an unknown god.
   724 | D:2      | Killed Terence
   725 | D:2      | Reached skill level 4 in Stealth
   725 | D:2      | Reached XP level 3. HP: 14/20 MP: 9/9
  1280 | D:2      | Reached skill level 1 in Ice Magic
  1612 | D:3      | You fall into a shaft and drop 3 floors!
  1619 | D:6      | Noticed a water moccasin
  1623 | D:6      | Killed a water moccasin
  1624 | D:6      | Reached skill level 5 in Stealth
  1624 | D:6      | Reached skill level 5 in Hexes
  1624 | D:6      | Reached skill level 1 in Translocations
  1624 | D:6      | Reached XP level 4. HP: 24/24 MP: 11/11
  1624 | D:6      | Reached XP level 5. HP: 28/28 MP: 12/12
  1744 | D:6      | Noticed a black bear
  1746 | D:6      | Found a broken altar of Ashenzari.
  1751 | D:6      | Killed a black bear
  1752 | D:6      | Reached XP level 6. HP: 32/33 MP: 13/13
  1807 | D:6      | Found a burning altar of Makhleb.
  1886 | D:6      | Reached skill level 6 in Stealth
  1938 | D:6      | Noticed a sky beast
  1943 | D:6      | Killed a sky beast
  1944 | D:6      | Reached skill level 1 in Fighting
  1995 | D:6      | Noticed Sigmund
  2002 | D:6      | Killed Sigmund
  2003 | D:6      | Reached XP level 7. HP: 14/38 MP: 15/15
  2184 | D:6      | Reached skill level 7 in Stealth
  2301 | D:6      | HP: 1/38 [kobold brigand/+0 short sword (4)]
  2307 | D:5      | Entered Level 5 of the Dungeon
  2486 | D:5      | Found a staircase to the Ecumenical Temple.
  2497 | Temple   | Entered the Ecumenical Temple
  2521 | Temple   | Became a worshipper of the Wu Jian Council
  2575 | D:5      | Found a radiant altar of Vehumet.
  2652 | D:5      | Slain by an ice beast

Illustrated notes

Levels and vault maps discovered:
D:1:      dpeg_arrival_solitude, layout_loops_cross
D:2:      layout_rooms, shapermc_ecumenical_altar_gd, serial_bayou_pond_e,
          uniq_terence
D:3:      layout_loops_corners, nicolae_overflow_hidden_temple,
          kennysheep_generic_room_3
D:5:      layout_basic, mainiacjoe_overflow_six_doors_small,
          lemuel_crystal_altar, minmay_temple_entry_sparse_star, abandoned_shop,
          uniq_pikel
D:6:      layout_basic, demons_altar, lemuel_round_altar, uniq_sigmund
Temple:   hellmonk_temple_forest_ring

Skill      XL: |  1  2  3  4  5  6  7 |
---------------+----------------------+-----
Stealth        | 4 5 6 7 |  7.3
Ice Magic      | 1 2 |  2.7
Hexes          | 5 |  5.9
Translocations | 1 2 3 |  3.8
Dodging        | 3 |  3.1
Fighting       | 1 |  1.0
Spellcasting   | 4 |  4.7
Short Blades   | 2 |  2.1

Action                     |  1- 3 |  4- 6 |  7- 9 || total
---------------------------+-------+-------+-------++-------
  Melee: Dagger            |    51 |     8 |     8 ||    67
         Falchion          |       |       |     4 ||     4
   Cast: Ensorcelled Hiber |    17 |    12 |     9 ||    38
Ability: Lunge             |       |       |     1 ||     1
    Use: Potion            |       |       |     2 ||     2
   Stab: Sleeping          |    22 |     8 |     6 ||    36
 Armour: Robe              |    23 |     3 |    18 ||    44
  Dodge: Dodged            |    33 |     6 |    12 ||    51

Table legend: (Time is in decaauts)
 A = Elapsed time spent in this place.
 B = Non-inter-level travel time spent in this place.
 C = Inter-level travel time spent in this place.
 D = Time resting spent in this place.
 E = Time spent auto-exploring this place.
 F = Levels seen in this place.
 G = Mean time per level.
                   A        B        C        D        E       F      G
               +--------+--------+--------+--------+--------+-----+--------+
         Total |   2649 |   2562 |     87 |    133 |   1972 |   6 |  441.5 |
       Dungeon |   2607 |   2557 |     50 |    133 |   1972 |   5 |  521.4 |
        Temple |     42 |      5 |     37 |      0 |      0 |   1 |   42.0 |
               +--------+--------+--------+--------+--------+-----+--------+

Top non-repeatable levels by time:
     D:1: 708 daAuts
     D:6: 693 daAuts
     D:2: 673 daAuts
     D:5: 305 daAuts
     D:3: 227 daAuts
  Temple: 42 daAuts
